 Dungeon Crawl Stone Soup version 0.27-a0-1612-gde56a17b89 (webtiles) character file.

Game seed: 11546166753712672020

184 dolemite99 the Chiller (level 5, -1/45 HPs)
             Began as a Troll Ice Elementalist on July 22, 2021.
             Slain by a gnoll (12 damage)
             ... on level 3 of the Dungeon.
             The game lasted 00:02:15 (1466 turns).

dolemite99 the Chiller (Troll Ice Elementalist)     Turns: 1466, Time: 00:02:16

Health: -1/45      AC:  5    Str: 17    XL:     5   Next: 36%
Magic:  0/5        EV:  9    Int: 11    God:
Gold:   179        SH:  0    Dex: 10    Spells: 5/6 levels left

rFire    . . .     SeeInvis .     - Unarmed
rCold    . . .     Faith    +   (no shield)
rNeg     . . .     Spirit   .   a - +1 robe
rPois    .         Reflect  .   (helmet restricted)
rElec    .         Harm     .   (no cloak)
rCorr    .         Rampage  .   (gloves unavailable)
Will     .....                  (boots unavailable)
Stlth    +.........             d - amulet of faith
HPRegen  1.15/turn              (no ring)
MPRegen  0.09/turn              (no ring)

@: very slightly contaminated
A: large, unfitting armour, claws 3, regeneration 1, shaggy fur 1, tough skin 1
a: no special abilities


You were on level 3 of the Dungeon.
You visited 1 branch of the dungeon, and saw 3 of its levels.

You collected 179 gold pieces.

Inventory:

Missiles
 k - 4 poisoned darts (quivered)
 l - 63 stones
Armour
 a - a +1 robe (worn)
Jewellery
 d - an amulet of faith (around neck)
 f - a ring of ice
Scrolls
 g - 2 scrolls of identify {@r1}
Potions
 b - a potion of ambrosia {unknown}
 c - 2 potions of curing {unknown}
 e - a potion of attraction {unknown}
 m - a potion of flight {unknown}


   Skills:
 + Level 2.0 Throwing
 - Level 1.5 Dodging
 - Level 1.0 Stealth
 + Level 3.5 Unarmed Combat
 - Level 1.2 Spellcasting
 - Level 3.6 Ice Magic


You had 5 spell levels left.
You knew the following spells:

 Your Spells              Type           Power      Damage    Failure   Level
a - Freeze                Ice            32%        1d5       7%          1

Your spell library contained the following spells:

 Spells                   Type           Power      Damage    Failure   Level
 Frozen Ramparts          Ice            16%        1d3       22%         3
 Ozocubu's Armour         Ice            8%         N/A       22%         3
 Blink                    Tloc           N/A        N/A       43%         2
 Sublimation of Blood     Necr           0%         N/A       43%         2
 Wereblood                Tmut           0%         N/A       43%         2
 Hailstorm                Conj/Ice       4%         3d4       83%         4
 Manifold Assault         Tloc           0%         N/A       100%        5
 Storm Form               Tmut/Air       0%         N/A       100%        7
 Summon Hydra             Summ           0%         N/A       100%        7


Dungeon Overview and Level Annotations

Branches:
Dungeon (3/15)

Altars:


Innate Abilities, Weirdness & Mutations

You are too large for most types of armour.
You have claws for hands.
Your natural rate of healing is unusually fast.
You are covered in fur. (AC +1)
You have tough skin. (AC +1)


Message History

The gnoll hits you from afar with a +0 spear!
Casting: Freeze (safe; 7% risk of failure)
Confirm with . or Enter, or press ? or * to list all spells.
Aiming: Freeze (safe; 7% risk of failure)
Press: ? - help, Shift-Dir - straight line, f/p - gnoll
Aim: a gnoll, wielding a +0 halberd (lightly wounded)
You freeze the gnoll.
The gnoll is lightly wounded.
The gnoll barely misses you. The gnoll hits you but does no damage.
Casting: Freeze (safe; 7% risk of failure)
Confirm with . or Enter, or press ? or * to list all spells.
Aiming: Freeze (safe; 7% risk of failure)
Press: ? - help, Shift-Dir - straight line, f/p - gnoll
Aim: a gnoll, wielding a +0 halberd (lightly wounded)
You freeze the gnoll.
The gnoll is heavily wounded.
The gnoll barely misses you. The gnoll hits you but does no damage.
Casting: Freeze (safe; 7% risk of failure)
Confirm with . or Enter, or press ? or * to list all spells.
Aiming: Freeze (safe; 7% risk of failure)
Press: ? - help, Shift-Dir - straight line, f/p - gnoll
Aim: a gnoll, wielding a +0 halberd (heavily wounded)
You miscast Freeze.
You are very lightly contaminated with residual magic.
Nothing appears to happen.
The gnoll barely misses you.
The gnoll hits you from afar with a +0 spear.
Casting: Freeze (safe; 7% risk of failure)
Confirm with . or Enter, or press ? or * to list all spells.
Aiming: Freeze (safe; 7% risk of failure)
Press: ? - help, Shift-Dir - straight line, f/p - gnoll
Aim: a gnoll, wielding a +0 halberd (heavily wounded)
You freeze the gnoll.
The gnoll is almost dead.
The gnoll hits you from afar with a +0 spear.
The gnoll hits you with a +0 halberd!
* * * LOW HITPOINT WARNING * * *
You scratch the gnoll but do no damage.
The gnoll is almost dead.
The gnoll hits you with a +0 halberd!
You die...

... .... .##. #########
#####+###.... ........########
#[.......###. ........'......#
#........+.#. ....†...##.....#
#....(...#.#.
##......##.....######.....((.#...
##>.#.#.##...[..@gg...).##.....#.
.#..#.#.######################.#.
....#.#.......... ..#.
..#.#.#.......... #..#.
....#.#.......... ...#.
.####.#.......... #####. .#
##.#......<... . .#
#............. .# #..#..........


You could see 2 gnolls.

Vanquished Creatures
  A sky beast (D:3)
  An iguana (D:2)
  A gnoll (D:3)
  3 adders
  A worm (D:3)
  3 dart slugs
  3 endoplasms
  4 goblins
  5 hobgoblins
  2 bats
  A frilled lizard (D:1)
  3 kobolds
  4 rats (D:2)
32 creatures vanquished.

Vanquished Creatures (others)
  5 toadstools (D:2)
5 creatures vanquished.

Grand Total: 37 creatures vanquished

Notes
Turn   | Place    | Note
-------+----------+-------------------------------------------
     0 | D:1      | dolemite99 the Troll Ice Elementalist began the quest for
                  | the Orb.
     0 | D:1      | Reached XP level 1. HP: 16/16 MP: 1/1
    58 | D:1      | Reached skill level 1 in Unarmed Combat
   203 | D:1      | Reached XP level 2. HP: 24/24 MP: 2/2
   642 | D:2      | Reached XP level 3. HP: 30/31 MP: 3/3
  1203 | D:3      | Reached XP level 4. HP: 27/39 MP: 4/4
  1338 | D:3      | Noticed a sky beast
  1373 | D:3      | Killed a sky beast
  1374 | D:3      | Reached skill level 1 in Throwing
  1374 | D:3      | Reached XP level 5. HP: 41/45 MP: 5/5
  1466 | D:3      | Slain by a gnoll

Illustrated notes

Levels and vault maps discovered:
D:1:      zelgadis_glass_arrival_small, layout_rooms
D:2:      layout_basic, minmay_gold_behind_fungi, minmay_tetromino_t2
D:3:      layout_basic, tgw_kikubaaqudgha, cheibrodos_sewer_entry_bend

Skill      XL: |  1  2  3  4  5 |
---------------+----------------+-----
Ice Magic      | 3 |  3.6
Unarmed Combat | 1 2 3 |  3.5
Throwing       | 1 2 |  2.0
Dodging        | |  1.5
Stealth        | |  1.0
Spellcasting   | |  1.2

Action                   |  1- 3 |  4- 6 || total
-------------------------+-------+-------++-------
Melee: Unarmed           |    84 |    29 ||   113
Throw: Dart              |    19 |    11 ||    30
 Cast: Freeze            |     2 |     4 ||     6
  Use: Scroll            |     4 |       ||     4
 Stab: Sleeping          |     3 |       ||     3
Armor: Robe              |    23 |    13 ||    36
Dodge: Dodged            |    36 |    14 ||    50

Table legend: (Time is in decaauts)
 A = Elapsed time spent in this place.
 B = Non-inter-level travel time spent in this place.
 C = Inter-level travel time spent in this place.
 D = Time resting spent in this place.
 E = Time spent auto-exploring this place.
 F = Levels seen in this place.
 G = Mean time per level.
                   A        B        C        D        E       F      G
               +--------+--------+--------+--------+--------+-----+--------+
         Total |   1461 |   1411 |     50 |    133 |    901 |   3 |  487.0 |
       Dungeon |   1461 |   1411 |     50 |    133 |    901 |   3 |  487.0 |
               +--------+--------+--------+--------+--------+-----+--------+

Top non-repeatable levels by time:
     D:2: 701 daAuts
     D:1: 445 daAuts
     D:3: 313 daAuts
